 Dungeon Crawl Stone Soup version 0.30-a0-883-g5ad918d77d (webtiles) character file.

Game seed: 6738953289509132834

46 holysushi the Insei (level 3, -15/22 HPs)
             Began as a Vampire Monk on Mar 17, 2023.
             Blown up by Ijyb (17 damage)
             ... with a mindburst bolt
             ... on level 3 of the Dungeon.
             The game lasted 00:02:06 (1316 turns).

holysushi the Insei (Vampire Monk)                  Turns: 1316, Time: 00:02:06

Health: -15/22     AC:  0    Str:  8 (10) XL:     3   Next: 44%
Magic:  3/3        EV: 21    Int: 10 (12) God:
Gold:   117        SH:  0    Dex: 21 (23) Spells: 2/2 levels left

rFire   . . .      SeeInvis +      - Unarmed
rCold   + + .      Faith    .    (shield currently unavailable)
rNeg    + + +      Spirit   .    a - melded +0 robe
rPois   ∞          Reflect  .    (helmet currently unavailable)
rElec   .          Rampage  .    (cloak currently unavailable)
rCorr   .                        (gloves currently unavailable)
Will    .....                    (boots currently unavailable)
Stlth   +++++                    e - amulet of the acrobat
HPRegen 0.00/turn                (ring currently unavailable)
MPRegen 0.08/turn                (ring currently unavailable)

@: bat-form, flying, bloodless, inhibited regen, very quick
A: fast, flying, no casting, tiny, bloodless, fangs 3, see invisible, vampiric 2
a: Revivify, End Transformation


You were on level 3 of the Dungeon.
You were a vampire bat.
You visited 1 branch of the dungeon, and saw 3 of its levels.

You collected 117 gold pieces.

Inventory:

Armour
 a - a +0 robe (melded)
Jewellery
 e - an amulet of the acrobat (around neck)
 f - a ring of protection from fire
Scrolls
 d - a scroll of silence
Potions
 b - 2 potions of ambrosia
 c - a potion of might {unknown}


   Skills:
 - Level 2.6 Fighting
 - Level 3.2 Dodging
 - Level 3.0 Stealth
 + Level 5.0 Unarmed Combat


You had 2 spell levels left.
You didn't know any spells.
Your spell library contained the following spells:

 Spells                   Type           Power      Damage    Failure   Level
 Blink                    Tloc           0%         N/A       50%         2
 Lesser Beckoning         Tloc           0%         N/A       50%         2
 Momentum Strike          Conj/Tloc      0%         3d8       50%         2


Dungeon Overview and Level Annotations

Branches:
Dungeon (3/15) Zot: 16763

Altars:
Sif Muna
Wu Jian

Annotations:
D:2 Sigmund
D:3 Ijyb


Innate Abilities, Weirdness & Mutations

You are a vampire bat.
You are tiny and dextrous.
You move quickly.
You are flying.
You are immune to poison.
Your equipment is almost entirely melded.
You are incapable of wielding weapons or throwing items.
You cannot cast spells.
You do not regenerate when monsters are visible.
You are frail without blood (-20% HP).
You can heal yourself when you bite living creatures.
You are immune to poison.
You have razor-sharp teeth.
You have supernaturally acute eyesight. (SInv)
You are afflicted with vampirism and can become a bat while bloodless.


Message History

You hit Ijyb but do no damage.
Ijyb is severely wounded.
Ijyb completely misses you.
You barely miss Ijyb.
Ijyb is severely wounded.
Ijyb hits you with a +0 dagger.
You hit Ijyb but do no damage. You bite Ijyb, but do no damage.
Ijyb is severely wounded.
Ijyb hits you with a +0 dagger.
You hit Ijyb but do no damage.
Ijyb is severely wounded.
Ijyb misses you.
You hit Ijyb but do no damage. You bite Ijyb, but do no damage.
Ijyb is severely wounded.
Ijyb zaps a wand.
Your mind is blasted!
* * * LOW HITPOINT WARNING * * *
You completely miss Ijyb.
Ijyb is severely wounded.
Ijyb screams, "No!
No, no, no, no!"
Ijyb barely misses you.
You barely miss Ijyb.
Ijyb is severely wounded.
Ijyb barely misses you.
You hit Ijyb but do no damage.
Ijyb is severely wounded.
You hit Ijyb but do no damage.
Ijyb is severely wounded.
Ijyb misses you.
You hit Ijyb but do no damage.
Ijyb is severely wounded.
Ijyb hits you with a +0 dagger.
* * * LOW HITPOINT WARNING * * *
You hit Ijyb but do no damage.
Ijyb is severely wounded.
Ijyb misses you.
You hit Ijyb.
Ijyb is severely wounded.
Ijyb zaps a wand.
Your mind is blasted!
Ouch! That really hurt!
You die...

............#._.#.#.#
.
..........<.......#.)
§§≈≈≈≈.......###(####
....≈.......# #... #
##.≈.!.....# #####
... #.≈.......#
#._.#.≈..######
#....§§§.# #####§§b.#
.....§≈g.# ≈≈≈≈≈§§§.#
.........# #####....#
######


You could see Ijyb.

Vanquished Creatures
  2 adders (D:2)
  A bat (D:2)
  3 endoplasms
  2 giant cockroaches
  5 hobgoblins
  A quokka (D:2)
  4 ball pythons
  A frilled lizard (D:2)
  3 goblins
  4 rats
26 creatures vanquished.

Notes
Turn   | Place    | Note
-------+----------+-------------------------------------------
     0 | D:1      | holysushi the Vampire Monk began the quest for the Orb.
     0 | D:1      | Reached XP level 1. HP: 17/17 MP: 1/1
   405 | D:1      | Reached XP level 2. HP: 23/23 MP: 2/2
   516 | D:1      | Reached skill level 4 in Unarmed Combat
   602 | D:2      | Noticed Sigmund
   958 | D:2      | Gained mutation: You are afflicted with vampirism and can
                  | become a bat while bloodless. [Vampire growth]
   958 | D:2      | Reached XP level 3. HP: 16/28 MP: 3/3
  1266 | D:3      | Reached skill level 5 in Unarmed Combat
  1276 | D:3      | Found a shimmering blue altar of Sif Muna.
  1290 | D:3      | Noticed Ijyb
  1296 | D:3      | Found an ornate altar of the Wu Jian Council.
  1316 | D:3      | Blown up by Ijyb

Illustrated notes

Levels and vault maps discovered:
D:1:      spicycebolla_arrival_xxxplode, layout_basic
D:2:      layout_basic, uniq_sigmund
D:3:      layout_rooms, mainiacjoe_overflow_brackets,
          mainiacjoe_overflow_tiny_flanked, uniq_ijyb

Skill      XL: |  1  2  3 |
---------------+----------+-----
Unarmed Combat | 4 5 |  5.0
Fighting       | |  2.6
Dodging        | |  3.2
Stealth        | |  3.0

Action                     || total
---------------------------++-------
  Melee: Unarmed           ||    97
         Bite              ||    14
Ability: Bat Form          ||     1
         Exsanguinate      ||     1
    Use: Scroll            ||     5
   Stab: Sleeping          ||     6
         Distracted        ||     1
 Armour: Robe              ||     5
  Dodge: Dodged            ||    55

Table legend: (Time is in decaauts)
 A = Elapsed time spent in this place.
 B = Non-inter-level travel time spent in this place.
 C = Inter-level travel time spent in this place.
 D = Time resting spent in this place.
 E = Time spent auto-exploring this place.
 F = Levels seen in this place.
 G = Mean time per level.
                   A        B        C        D        E       F      G
               +--------+--------+--------+--------+--------+-----+--------+
         Total |   1235 |   1187 |     48 |    120 |    748 |   3 |  411.7 |
       Dungeon |   1235 |   1187 |     48 |    120 |    748 |   3 |  411.7 |
               +--------+--------+--------+--------+--------+-----+--------+

Top non-repeatable levels by time:
     D:1: 615 daAuts
     D:2: 518 daAuts
     D:3: 100 daAuts
